 Dungeon Crawl Stone Soup version 0.31-a0-1163-gcee99d1eea (webtiles) character file.

Game seed: 16311777246734974145

409 James the Ruffian (level 6, -5/38 HPs)
             Began as an Octopode Shapeshifter on Dec 9, 2023.
             Killed by divine providence
             ... invoked by an orc priest
              (14 damage)
             ... on level 4 of the Dungeon.
             The game lasted 00:06:28 (2937 turns).

James the Ruffian (Octopode Shapeshifter)           Turns: 2937, Time: 00:06:29

Health: -5/38      AC:  1    Str: 16    XL:     6   Next: 89%
Magic:  6/6        EV: 13    Int: 12    God:
Gold:   162        SH:  0    Dex: 11    Spells: 5/5 levels left

rFire   . .          .
                       - Unarmed
rCold   . . .        (no shield)
rNeg    . . .        (helmet currently unavailable)
rPois   .            (no amulet)
rElec   .            (no ring)
rCorr   .            (no ring)
SInv    .            (no ring)
Will    .....        (no ring)
Stlth   ++           (no ring)
HPRegen 0.26/turn    (no ring)
MPRegen 0.10/turn    (no ring)
                     (no ring)

%: no passive effects
@: beast-form
A: beast (slay +2), almost no armour, amphibious, 8 rings, camouflage 1,
gelatinous body 1, (nimble swimmer 1), tentacles
a: Begin Untransformation


You were on level 4 of the Dungeon.
You were a hulking beast.
You visited 1 branch of the dungeon, and saw 4 of its levels.

You collected 162 gold pieces.

Inventory:

Hand Weapons
 b - a +0 sling
   (You took it off a goblin on level 2 of the Dungeon)
Missiles
 g - 3 javelins
 u - 7 boomerangs
Talismans
 c - a flux talisman
 p - a beast talisman
Wands
 v - a wand of digging (7)
   (You found it on level 3 of the Dungeon)
Scrolls
 d - a scroll of acquirement
 h - 4 scrolls of teleportation {@r4}
Potions
 a - 2 potions of lignification {!q}
 e - a potion of ambrosia
 f - a potion of berserk rage {unknown}
 i - a potion of mutation {unknown}
 m - a potion of haste {@q3}
 n - a potion of enlightenment
 o - a potion of heal wounds {unknown}
 q - a potion of degeneration {unknown}
 t - a potion of curing {unknown}


   Skills:
 + Level 1.4 Fighting
 - Level 2.0 Dodging
 - Level 6.0 Unarmed Combat
 - Level 5.0 Shapeshifting


You had 5 spell levels left.
You didn't know any spells.
Your spell library contained the following spells:

 Spells                   Type           Power      Damage    Failure   Level
 Slow                     Hex            0%         N/A       32%         1
 Poisonous Vapours        Pois/Air       0%         N/A       45%         2
 Confusing Touch          Hex            0%         N/A       69%         3
 Mephitic Cloud           Conj/Pois/Air  0%         N/A       69%         3
 Sigil of Binding         Hex            0%         N/A       69%         3
 Stone Arrow              Conj/Erth      0%         3d7       69%         3
 Vampiric Draining        Necr           0%         2d6       69%         3
 Freezing Cloud           Conj/Ice/Air   0%         6-21      100%        5
 Lehudib's Crystal Spear  Conj/Erth      0%         10d2      100%        8
 Animate Armour           Summ/Erth      Unusable   N/A       N/A         4

Dungeon Overview and Level Annotations

Branches:
Dungeon (4/15)
 Temple: D:4-7

Altars:
Dithmenos
Kikubaaqudgha


Innate Abilities, Weirdness & Mutations

You are a hulking beast.
Your limbs bulge with bestial killing power. (Slay +2)
You cannot wear most types of armour.
You are amphibious.
You can wear up to eight rings at the same time.
Your skin changes colour to match your surroundings (Stealth+).
Your rubbery body absorbs attacks. (AC +1, EV +1)
((You are camouflaged when in or above water. (Stealth+)))
You have tentacles for arms and can constrict up to eight enemies at once.


Message History

u - 7 boomerangs (gained 2)
Things that are here:
a +0 flail; the +2 robe "Mozoezucw" {rC+ rN+ Str+5} An orc priest is nearby!
You shoot a sling bullet. The orc priest shouts!
The sling bullet hits the orc priest.
You shoot a sling bullet. The sling bullet hits the orc priest.
You kill the orc priest!
You see here a +0 spear.
An orc priest comes into view. It is wielding a +0 mace.
The orc priest moves out of view.
You shoot a sling bullet. The orc priest shouts! x2
The sling bullet hits the orc priest but does no damage.
The orc priest mumbles some strange prayers to Beogh against you.
You barely resist.
The orc priest casts a cantrip, but nothing happens.
You shoot a sling bullet. The sling bullet hits the orc priest!
You shoot a sling bullet. The sling bullet hits the orc priest.
The orc priest calls upon Beogh to heal the orc priest.
The orc priest is healed somewhat.
The orc priest mumbles some strange prayers to Beogh against you.
Beogh smites you!
You are now empty-tentacled.
You bludgeon the orc priest! Your grab misses the orc priest.
You completely miss the orc priest. Your grab misses the orc priest.
You squeeze the orc priest, but do no damage.
The orc priest invokes the aid of Beogh against you.
Pain shoots through your body!
* * * LOW HITPOINT WARNING * * *
The orc priest calls upon Beogh to heal the orc priest.
The orc priest is healed somewhat.
You tentacle-slap the orc priest but do no damage.
You grab the orc priest. You squeeze the orc priest.
You constrict the orc priest, but do no damage.
The orc priest begins to cast a cantrip, but forgets the words!
The orc priest looks encouraged for a moment.
You barely miss the orc priest. You squeeze the orc priest.
You kill the orc priest!
The orc priest hits you with a +0 mace.
* * * LOW HITPOINT WARNING * * *
Training target 5.0 for Shapeshifting reached!
Your Shapeshifting skill increases to level 5!
You need to enable at least one skill for training.
You tentacle-slap the orc priest. You grab the orc priest.
You constrict the orc priest.
The orc priest invokes the aid of Beogh against you.
Beogh smites you!
You die...

##
#...##.##.#.................
#
#...##.##.#.................
#...##.##.#.............####
........#.#.............#
...#.#.#...#...###########
o...#.#.#####.### o......# .
..# #...# ...##############
#...# .(.. ......oh# #...##
....###)# #...#. # #.#
###...#. #)# .....#. #.# ###
#####...#. #.# .. #^......#.
#.####.##.##....'.
#....#.#...#....##
####.#..........#


You could see an orc priest.

Vanquished Creatures
  A phantom (D:4)
  3 vampire bats (D:3)
  2 orc priests (D:4)
  An orc wizard (D:3)
  Robin (D:2)
  2 gnolls (D:4)
  2 adders
  A worm (D:2)
  A dart slug (D:3)
  13 orcs
  4 bats
  3 bat skeletons (D:3)
  A bat zombie (D:3)
  4 endoplasms
  3 giant cockroaches
  9 goblins
  5 hobgoblins
  2 jackals (D:3)
  3 quokkas
  4 ball pythons
  5 kobolds
  4 rats
74 creatures vanquished.

Notes
Turn   | Place    | Note
-------+----------+-------------------------------------------
     0 | D:1      | James the Octopode Shapeshifter began the quest for the
                  | Orb.
     0 | D:1      | Reached XP level 1. HP: 13/13 MP: 1/1
   188 | D:1      | Reached XP level 2. HP: 18/18 MP: 2/2
   623 | D:2      | Reached skill level 4 in Unarmed Combat
   722 | D:2      | Reached XP level 3. HP: 23/23 MP: 3/3
  1003 | D:2      | Noticed Robin
  1009 | D:2      | Killed Robin
  1015 | D:2      | Reached XP level 4. HP: 19/28 MP: 4/4
  1483 | D:3      | Reached skill level 5 in Unarmed Combat
  1706 | D:3      | Reached XP level 5. HP: 33/33 MP: 5/5
  1778 | D:3      | Found an ancient bone altar of Kikubaaqudgha.
  1789 | D:3      | Reached skill level 6 in Unarmed Combat
  1825 | D:3      | Reached XP level 6. HP: 17/38 MP: 6/6
  2605 | D:4      | Found a shadowy altar of Dithmenos.
  2883 | D:4      | Identified a scroll of acquirement
  2902 | D:4      | Identified the +2 robe "Mozoezucw" {rC+ rN+ Str+5}
  2937 | D:4      | Reached skill level 5 in Shapeshifting
  2937 | D:4      | Killed from afar by an orc priest

Illustrated notes

Levels and vault maps discovered:
D:1:      onia_arrival_mini_maze_b, layout_rooms
D:2:      layout_loops_ring, uniq_robin
D:3:      layout_rooms, kennysheep_vampire_church, hangedman_decor_riveting
D:4:      layout_basic, lemuel_tele_altar,
          nicolae_uskayaw_murder_on_the_dancefloor

Skill      XL: |  1  2  3  4  5  6 |
---------------+-------------------+-----
Unarmed Combat | 4 5 6 |  6.0
Shapeshifting  | 5 |  5.0
Fighting       | |  1.4
Dodging        | |  2.0

Action                     |  1- 3 |  4- 6 || total
---------------------------+-------+-------++-------
  Melee: Unarmed           |    53 |    73 ||   126
         Constrict         |    12 |    21 ||    33
         Tentacles         |     8 |     9 ||    17
         Punch             |     1 |       ||     1
   Fire: Sling             |       |    44 ||    44
    Use: Scroll            |       |    10 ||    10
   Stab: Sleeping          |     3 |     3 ||     6
 Armour: Skin              |    14 |    33 ||    47
  Dodge: Dodged            |    22 |    45 ||    67

Table legend: (Time is in decaauts)
 A = Elapsed time spent in this place.
 B = Non-inter-level travel time spent in this place.
 C = Inter-level travel time spent in this place.
 D = Time resting spent in this place.
 E = Time spent auto-exploring this place.
 F = Levels seen in this place.
 G = Mean time per level.
                   A        B        C        D        E       F      G
               +--------+--------+--------+--------+--------+-----+--------+
         Total |   2929 |   2724 |    205 |    480 |   1664 |   4 |  732.2 |
       Dungeon |   2929 |   2724 |    205 |    480 |   1664 |   4 |  732.2 |
               +--------+--------+--------+--------+--------+-----+--------+

Top non-repeatable levels by time:
     D:2: 861 daAuts
     D:3: 811 daAuts
     D:4: 678 daAuts
     D:1: 577 daAuts
